 Dungeon Crawl Stone Soup version 0.29.1-2-gbd0b4ee654 (webtiles) character file.

Game seed: 12422679313385603088

56 Ivernyr the Conjurer (level 3, -5/28 HPs)
             Began as a Draconian Conjurer on Nov 1, 2022.
             Killed from afar by Sigmund (8 damage)
             ... with a magic dart
             ... on level 1 of the Dungeon.
             The game lasted 00:04:33 (1731 turns).

Ivernyr the Conjurer (Draconian Conjurer)           Turns: 1731, Time: 00:04:34

Health: -5/28      AC:  5    Str:  9    XL:     3   Next: 71%
Magic:  2/7        EV: 12    Int: 20    God:
Gold:   67         SH:  0    Dex: 15    Spells: 4/7 levels left

rFire   . . .      SeeInvis .   (no weapon)
rCold   . . .      Faith    .   (no shield)
rNeg    . . .      Spirit   .   (body armour unavailable)
rPois   .          Reflect  .   (helmet restricted)
rElec   .          Harm     .   (no cloak)
rCorr   .          Rampage  .   (no gloves)
Will    .....                   (no boots)
Stlth   +.........              (no amulet)
HPRegen 0.09/turn               e - +6 ring of dexterity
MPRegen 0.10/turn               h - +4 ring of slaying

@: confused
A: AC +5, unfitting armour, cold-blooded
a: no special abilities


You were on level 1 of the Dungeon.
You visited 1 branch of the dungeon, and saw 2 of its levels.

You collected 67 gold pieces.

Inventory:

Jewellery
 e - a +6 ring of dexterity (left hand)
 h - a +4 ring of slaying (right hand)
Scrolls
 f - 2 scrolls of enchant armour {unknown}
 g - a scroll of identify {unknown}
 i - a scroll of immolation {unknown}
Potions
 a - a potion of magic
 b - 2 potions of curing {unknown}
 c - 2 potions of flight {unknown}
 d - 6 potions of resistance {unknown}


   Skills:
 + Level 1.3 Fighting
 + Level 2.2 Dodging
 - Level 1.7 Stealth
 * Level 2.8 Spellcasting
 + Level 4.3 Conjurations


You had 4 spell levels left.
You knew the following spells:

 Your Spells              Type           Power      Damage    Failure   Level
a - Magic Dart            Conj           80%        1d7       2%          1
b - Searing Ray           Conj           40%        2d5       3%          2

Your spell library contained the following spells:

 Spells                   Type           Power      Damage    Failure   Level
 Beastly Appendage        Tmut           4%         N/A       14%         1
 Dazzling Flash           Conj/Hex       22%        N/A       19%         3
 Wereblood                Tmut           2%         N/A       22%         2
 Gell's Gravitas          Tloc           2%         N/A       41%         3
 Spider Form              Tmut/Pois      2%         N/A       41%         3
 Teleport Other           Tloc           2%         N/A       41%         3
 Fulminant Prism          Conj/Hex       5%         3d7       52%         4
 Iskenderun's Mystic Bla  Conj/Tloc      11%        2d4       52%         4
 Dispersal                Tloc           1%         N/A       100%        6


Dungeon Overview and Level Annotations

Branches:
Dungeon (2/15)

Altars:

Annotations:
D:1 Sigmund


Innate Abilities, Weirdness & Mutations

Your plain brown scales are hard. (AC +5)
You cannot fit into any form of body armour.
You are cold-blooded and may be slowed by cold attacks.


Message History

You don't have enough magic to cast this spell.
Sigmund misses you.
There is a stone staircase leading up here.
Sigmund hits you with a +0 scythe!
You climb upwards.
There is a stone staircase leading down here.
Sigmund casts a spell at you. You resist with significant effort.
Sigmund points at you and mumbles some strange words.
The magic dart hits you.
Sigmund points at you and mumbles some strange words.
You resist with significant effort.
Sigmund says, "You will soon forget everything."
Sigmund points at you and mumbles some strange words.
You are confused.
You bump into the rock wall.
You bump into the rock wall.
You bump into the rock wall.
You bump into the rock wall.
Sigmund casts a spell at you. You resist with significant effort.
You bump into the rock wall.
You feel less confused.
Sigmund screams, "Don't try to resist!"
Sigmund points at you and mumbles some strange words.
The puff of flame hits you!
* * * LOW HITPOINT WARNING * * *
Casting: Searing Ray (safe; 3% risk of failure)
Confirm with . or Enter, or press ? or * to list all spells.
Aiming: Searing Ray (safe; 3% risk of failure)
Press: ? - help, Shift-Dir - straight line, f - Sigmund
Aim: Sigmund, wielding a +0 scythe and wearing a +2 robe (severely wounded, 75% to hit)
The searing ray misses Sigmund. (Press . to maintain the ray.) Sigmund points at you and mumbles some strange words.
You are confused.
You bump into the rock wall.
Sigmund hits you but does no damage. Sigmund gestures at you while chanting.
The magic dart hits you!
You die...

##.###..........#
#..##..........#
##.....#.##.####
#.....#.##.# ##...###.##.#
###....###....######
#...#>..###.........
#..............#####
###.@..#.#####..# #####
#...####...# ##.# ### #...#
#@### ###@# #.###.. #...#
##.# #.# #...#.. #...###.@#
#.# #.#....
#.......#########.# #.##...
#.........@.......####.###..
#...############.......###..
#...###############.#.......


You could see Sigmund.

Vanquished Creatures
  A gnoll (D:1)
  An adder (D:2)
  A dart slug (D:1)
  4 ball pythons
  2 endoplasms
  3 giant cockroaches
  A goblin (D:1)
  2 hobgoblins
  2 jackals (D:1)
  A quokka (D:1)
  7 bats
  A frilled lizard (D:1)
  3 kobolds (D:1)
  3 rats
32 creatures vanquished.

Notes
Turn   | Place    | Note
-------+----------+-------------------------------------------
     0 | D:1      | Ivernyr the Draconian Conjurer began the quest for the Orb.
     0 | D:1      | Reached XP level 1. HP: 14/14 MP: 3/3
     6 | D:1      | You fall into a shaft and drop 1 floor!
    21 | D:2      | Found a faded altar of an unknown god.
   155 | D:2      | Reached XP level 2. HP: 12/22 MP: 0/5
   289 | D:2      | Learned a level 2 spell: Searing Ray
   310 | D:2      | Noticed Sigmund
   747 | D:1      | Reached skill level 1 in Fighting
   892 | D:1      | Reached XP level 3. HP: 28/28 MP: 4/6
  1731 | D:1      | Killed from afar by Sigmund

Illustrated notes

Levels and vault maps discovered:
D:1:      mainiacjoe_arrival_reflecting_pool, layout_rooms
D:2:      layout_rooms, hellmonk_ecumenical_altar_slurped_away,
          minmay_crystal_room, uniq_sigmund

Skill      XL: |  1  2 |
---------------+-------+-----
Dodging        | 2 |  2.2
Fighting       | 1 |  1.3
Stealth        | |  1.7
Spellcasting   | |  2.8
Conjurations   | |  4.3

Action                   || total
-------------------------++-------
Melee: Unarmed           ||    15
       Tailslap          ||     1
 Cast: Magic Dart        ||    55
       Searing Ray       ||     8
Armor: Skin              ||     8
Dodge: Dodged            ||    25
